 Dungeon Crawl Stone Soup version 0.30-b1-2-g02819fbbbe (webtiles) character file.

Game seed: 11139979878184192700

134 Arcadio the Ducker (level 5, 0/39 HPs)
             Began as a Djinni Fire Elementalist on May 16, 2023.
             Slain by a goblin
             ... wielding a +0 dagger
             ... led by Robin
              (4 damage)
             ... on level 3 of the Dungeon.
             The game lasted 00:03:07 (1963 turns).

Arcadio the Ducker (Djinni Fire Elementalist)       Turns: 1963, Time: 00:03:08

Health: 0/39       AC:  2    Str:  7    XL:     5   Next: 40%
Gold:   109        EV: 13    Int: 19    God:
                   SH:  0    Dex: 13

rFire   + + .        n - +0 dagger (venom)
rCold   x . .        (no shield)
rNeg    . . .        a - +0 robe
rPois   ∞            (no helmet)
rElec   .            (no cloak)
rCorr   .            (no gloves)
SInv    .            (boots unavailable)
Will    .....        (no amulet)
Stlth   ++           (no ring)
HPRegen 0.26/turn    (no ring)
MPRegen 0.00/turn

%: infuse magic (-1 HP)
@: flying
A: sickness immunity, fire resistance 2, cold vulnerability 1, float, innate
caster, HP casting, extra vitality 1
a: no special abilities


You were on level 3 of the Dungeon.
You visited 1 branch of the dungeon, and saw 3 of its levels.

You collected 109 gold pieces.

Inventory:

Hand Weapons
 d - a +0 dagger
 n - a +0 dagger of venom (weapon)
Armour
 a - a +0 robe (worn)
Jewellery
 i - an amulet of regeneration
Scrolls
 c - a scroll of magic mapping {unknown}
 f - a scroll of torment {unknown}
 g - a scroll of teleportation
 h - a scroll of brand weapon {unknown}
 k - a scroll of vulnerability {unknown}
 m - a scroll of fear {unknown}
 p - a scroll of blinking {unknown}
 r - a scroll of amnesia {unknown}
Potions
 b - a potion of flight {unknown}
 e - a potion of haste {unknown}
 j - a potion of degeneration {unknown}
 l - a potion of curing {unknown}
 o - a potion of resistance {unknown}
 q - a potion of berserk rage {unknown}


   Skills:
 + Level 2.4 Fighting
 + Level 3.7 Dodging
 - Level 1.5 Stealth
 + Level 3.2 Spellcasting


You knew the following spells:

 Your Spells              Type           Power      Damage    Failure   Level
a - Foxfire               Conj/Fire      60%        2x1d7     4%          1
b - Scorch                Fire           30%        2d6       6%          2
c - Volatile Blastmotes   Fire/Tloc      30%        2d12      12%         3
d - Inner Flame           Hex/Fire       15%        N/A       12%         3
e - Flame Wave            Conj/Fire      15%        2d7       36%         4
f - Shock                 Conj/Air       60%        1d6       4%          1
g - Momentum Strike       Conj/Tloc      30%        3d8       6%          2
Your spell library was empty.

Dungeon Overview and Level Annotations

Branches:
Dungeon (3/15) Zot: 16036

Altars:
Gozag
Nemelex Xobeh

Shops:
D:1 :

Annotations:
D:3 Robin


Innate Abilities, Weirdness & Mutations

You are immune to sickness and miasma.
You are immune to poison.
Your flesh is very heat resistant. (rF++)
You are vulnerable to cold. (rC-)
You float through the air rather than walking.
You learn spells naturally, not from books.
Your magical power is your life essence.
You have superior vitality. (+4 MHP)


Message History

The goblin barely misses you. x2
The foxfire hits the goblin.
The goblin is moderately wounded.
The foxfire hits the goblin.
You kill the goblin!
The goblin unwields a +0 club.
The goblin wields a +0 sling.
The goblin shoots a sling bullet.
The sling bullet closely misses you.
You see here 7 stones.
The goblin attacks as you move away! The goblin barely misses you.
The goblin shoots a sling bullet.
The sling bullet misses you.
Robin's bangles clink loudly.
You hear a shout!
The goblin attacks as you move away! The goblin hits you with a +0 dagger.
There is an open door here.
Casting: Foxfire (safe; 4% risk of failure)
Confirm with . or Enter, or press ? or * to list all spells.
Flames lash the hobgoblin.
You kill the hobgoblin!
You hear a shout!
The goblin misses you.
Casting: Scorch (safe; 6% risk of failure)
Confirm with . or Enter, or press ? or * to list all spells.
Flames lash the goblin.
You kill the goblin!
A hobgoblin comes into view.
The goblin closely misses you.
Casting: Scorch (safe; 6% risk of failure)
Confirm with . or Enter, or press ? or * to list all spells.
Flames lash the rat.
You kill the rat!
* * * LOW HITPOINT WARNING * * *
The goblin misses you.
Casting: Scorch (safe; 6% risk of failure)
Confirm with . or Enter, or press ? or * to list all spells.
Flames lash the hobgoblin.
The hobgoblin is heavily wounded.
The hobgoblin's fire resistance burns away.
* * * LOW HITPOINT WARNING * * *
The goblin hits you with a +0 dagger.
You die...

#....# #....# ####### #....#
##### #.....# #....# #!..#
#.....# #....# ########...#
#.....# #....#
#.........g####.....###....####
......).)ggg.g@.....'')........
.........######................
#......g.# #.[.....)##......
##+####### #####..).##......
#....##...... #....##......
#....######## #....# #....#


You could see Robin, 2 hobgoblins and 2 goblins.

Vanquished Creatures
  An orc wizard (D:3)
  An adder (D:2)
  4 gnolls (D:2)
  A worm (D:2)
  2 orcs (D:3)
  An endoplasm (D:1)
  2 giant cockroaches (D:2)
  10 goblins
  5 hobgoblins
  6 jackals
  5 kobolds
  2 quokkas (D:2)
  8 bats
  A frilled lizard (D:1)
  6 rats
  A bush (D:1)
56 creatures vanquished.

Vanquished Creatures (others)
  41 foxfires
41 creatures vanquished.

Grand Total: 97 creatures vanquished

Notes
Turn   | Place    | Note
-------+----------+-------------------------------------------
     0 | D:1      | Arcadio the Djinni Fire Elementalist began the quest for
                  | the Orb.
     0 | D:1      | Arcadio set off with the following spells memorised:
                  | Foxfire, Scorch, Volatile Blastmotes, Inner Flame, Flame
                  | Wave.
     0 | D:1      | Reached XP level 1. HP: 15/15 MP: 0/0
   122 | D:1      | Reached XP level 2. HP: 14/22 MP: 0/0
   204 | D:1      | Reached skill level 1 in Fighting
   291 | D:1      | Found Ufaug's Book Shop.
   332 | D:1      | You are sucked into a shaft and drop 1 floor!
   374 | D:2      | Reached XP level 3. HP: 26/27 MP: 0/0
   374 | D:2      | Learned a level 1 spell: Shock
   402 | D:2      | Reached XP level 4. HP: 16/33 MP: 0/0
  1850 | D:3      | Found a sparkling altar of Nemelex Xobeh.
  1851 | D:3      | Found an opulent altar of Gozag.
  1877 | D:3      | Reached XP level 5. HP: 36/38 MP: 0/0
  1877 | D:3      | Learned a level 2 spell: Momentum Strike
  1949 | D:3      | Noticed Robin
  1963 | D:3      | Slain by a goblin

Illustrated notes

Levels and vault maps discovered:
D:1:      nzn_arrival_crosshair, layout_basic, serial_shops,
          nicolae_square_shop, serial_forest, infiniplex_forest_join,
          infiniplex_forest_straight_2, infiniplex_forest_clump_tiny,
          infiniplex_forest_end_3, infiniplex_forest_clump_medium,
          infiniplex_forest_diagonal, infiniplex_forest_lined_3
D:2:      layout_loops_ring
D:3:      layout_basic, grunt_temple_overflow_opulence,
          ebering_ecumenical_altar_webs, uniq_robin, uniq_grinder

Skill      XL: |  1  2  3  4 |
---------------+-------------+-----
Fighting       | 1 2 |  2.4
Dodging        | 3 |  3.7
Spellcasting   | 3 |  3.2
Stealth        | |  1.5

Action                     |  1- 3 |  4- 6 || total
---------------------------+-------+-------++-------
  Melee: Dagger            |       |    48 ||    48
   Cast: Foxfire           |    18 |     6 ||    24
         Scorch            |    15 |    37 ||    52
    Use: Scroll            |       |     1 ||     1
   Stab: Distracted        |       |     1 ||     1
 Armour: Robe              |     2 |     9 ||    11
  Dodge: Dodged            |     8 |    22 ||    30
